 Dungeon Crawl Stone Soup version 0.29.0-4-gdea44cf6ec (webtiles) character file.

Game seed: 506806023544652798

172 qw the Chopper (level 5, -1/30 HPs)
             Began as a Tengu Warper on Aug 28, 2022.
             Slain by a gnoll
             ... wielding a +0 whip
             ... led by a gnoll bouda
              (3 damage)
             ... on level 4 of the Dungeon.
             The game lasted 00:00:17 (3072 turns).

qw the Chopper (Tengu Warper)                       Turns: 3072, Time: 00:00:18

Health: -1/30      AC:  8    Str: 13    XL:     5   Next: 53%
Magic:  0/9        EV:  7    Int: 14    God:
Gold:   76         SH:  0    Dex: 13    Spells: 8/8 levels left

rFire   . . .      SeeInvis +   Y - +1 hand axe (elec)
rCold   . . .      Faith    .   (no shield)
rNeg    . . .      Spirit   +   o - +0 chain mail
rPois   .          Reflect  .   (helmet restricted)
rElec   .          Harm     .   (no cloak)
rCorr   .          Rampage  .   (no gloves)
Will    .....                   (boots unavailable)
Stlth   ..........              d - amulet of guardian spirit
HPRegen 0.10/turn               c - ring of see invisible
MPRegen 0.11/turn               (no ring)

@: lethally poisoned (-1 -> -2), about to teleport, flying quickly and
evasively, quick
A: beak, talons 3, nimble flight
a: no special abilities


You were on level 4 of the Dungeon.
You visited 1 branch of the dungeon, and saw 4 of its levels.

You collected 76 gold pieces.


Innate Abilities, Weirdness & Mutations

You have a beak for a mouth.
You have claws for feet.
Your magical nature lets you fly swiftly and evasively.


   Skills:
 - Level 2.0 Fighting
 - Level 6.1 Axes
 - Level 1.0 Throwing
 + Level 1.1 Armour
 - Level 2.1 Dodging
 - Level 2.0 Spellcasting
 - Level 2.4 Translocations


You had 8 spell levels left.
You didn't know any spells.
Your spell library contained the following spells:

 Spells                   Type           Power      Damage    Failure   Level
 Blink                    Tloc           16%        N/A       99%         2
 Gell's Gravitas          Tloc           8%         N/A       100%        3
 Lesser Beckoning         Tloc           8%         N/A       100%        3
 Teleport Other           Tloc           8%         N/A       100%        3
 Manifold Assault         Tloc           8%         N/A       100%        5

Inventory:

Hand Weapons
 f - a +0 flail
 Y - a +1 hand axe of electrocution (weapon)
Armour
 o - a +0 chain mail (worn)
Jewellery
 c - a ring of see invisible (left hand)
 d - an amulet of guardian spirit (around neck)
Scrolls
 b - a scroll of teleportation
 r - a scroll of identify
Potions
 e - a potion of curing
 g - a potion of flight {unknown}
 j - a potion of heal wounds {unknown}
 l - a potion of attraction {unknown}
 n - a potion of ambrosia {unknown}
 p - a potion of invisibility {unknown}
 q - a potion of lignification {unknown}

Dungeon Overview and Level Annotations

Branches:
Dungeon (4/15)
 Temple: D:4-7

Altars:

Shops:
D:2 (


Message History

The scorpion stings you but does no damage.
The gnoll hits you with a +0 spear.
You completely miss the gnoll. You claw the gnoll.
The gnoll is almost dead.
You hit the scorpion but do no damage. The scorpion stings you.
You are poisoned.
The scorpion poisons you! The scorpion stings you.
You hit the scorpion. Lightning courses through the scorpion!
You kill the scorpion!
You hit the gnoll bouda but do no damage.
You feel sick.
The gnoll hits you from afar with a +0 spear.
You have reached level 5!
Your magical nature develops, letting you fly swiftly and evasively.
You hit the gnoll bouda. Your kick misses the gnoll bouda.
You peck the gnoll bouda, but do no damage.
The gnoll bouda is moderately wounded.
You feel sick. The gnoll hits you but does no damage.
The gnoll bouda hits you with a +0 whip!
3069 ||| READING 2 scrolls of teleportation.
As you read the scroll of teleportation, it crumbles to dust.
You feel strangely unstable.
You feel sick.
The gnoll bouda barks out a call to the hunt!
The gnolls pick up the pace!
The gnoll hits you but does no damage.
You barely miss the gnoll bouda. You claw the gnoll bouda.
The gnoll bouda is heavily wounded.
You feel sick.
The gnoll hits you from afar with a +0 spear.
You hit the gnoll bouda.
Lightning courses through the gnoll bouda!!
You kill the gnoll bouda!
You feel sick. The gnoll completely misses you.
Your Axes skill increases to level 6!
You hit the gnoll. You claw the gnoll, but do no damage.
The gnoll is moderately wounded.
You feel sick. The gnoll hits you with a +0 whip.
You die...

### #<# #@#
#.g).......
#g#.###....
#g#.# .. #
#.. #.. #..
#...


You could see 3 gnolls.

Vanquished Creatures
  A scorpion (D:4)
  A gnoll bouda (D:4)
  2 adders (D:2)
  2 worms
  2 dart slugs
  3 orcs (D:3)
  6 bats
  4 endoplasms
  3 giant cockroaches
  2 goblins
  11 hobgoblins
  4 jackals (D:3)
  2 quokkas
  A ball python (D:3)
  3 frilled lizards
  A kobold (D:3)
  4 rats
52 creatures vanquished.

Notes
Turn   | Place    | Note
-------+----------+-------------------------------------------
     0 | D:1      | qw the Tengu Warper began the quest for the Orb.
     0 | D:1      | Reached XP level 1. HP: 12/12 MP: 4/4
     0 | D:1      | 0 ||| qw: Version: 0.1-a-89-g26bdef1
     0 | D:1      | 0 ||| qw: Game counter: 2174
     0 | D:1      | 0 ||| qw: Always use a shield: true
     0 | D:1      | 0 ||| qw: God list: Okawaru
     0 | D:1      | 0 ||| qw: Allow faded altars: false
     0 | D:1      | 0 ||| qw: Do Orc after D:15 true
     0 | D:1      | 0 ||| qw: Do second Lair branch before Depths: true
     0 | D:1      | 0 ||| qw: Lair rune preference: random
     0 | D:1      | 0 ||| qw: Plans: Normal
     0 | D:1      | 0 ||| PLANNING D:1-11
   342 | D:1      | Reached XP level 2. HP: 16/17 MP: 6/6
   362 | D:1      | 362 ||| DROPPING +0 club.
   369 | D:1      | Reached skill level 3 in Axes
   984 | D:1      | 984 ||| UPGRADING to +0 scale mail.
   994 | D:1      | 994 ||| DROPPING +0 leather armour.
   995 | D:1      | 995 ||| UPGRADING to amulet of guardian spirit.
  1000 | D:1      | 1000 ||| READING scroll labelled YMASHE EREL PUAM.
  1001 | D:1      | 1001 ||| READING scroll labelled NOMNAU CAROO.
  1002 | D:1      | 1002 ||| READING scroll labelled NECAOCVURE.
  1003 | D:1      | 1003 ||| DROPPING scroll of blinking.
  1058 | D:2      | Found Kyuxiegi's Antique Weapon Boutique.
  1064 | D:2      | 1064 ||| SHOPLISTING flail (84 gold, have 20).
  1064 | D:2      | 1064 ||| SHOPLISTING runed broad axe (168 gold, have 20).
  1064 | D:2      | 1064 ||| SHOPLISTING runed flail (156 gold, have 20).
  1152 | D:2      | 1152 ||| Stepping ~*~*~tactically~*~*~ (stealth).
  1192 | D:2      | 1192 ||| Stepping ~*~*~tactically~*~*~ (hiding).
  1284 | D:2      | Reached XP level 3. HP: 21/21 MP: 7/7
  1531 | D:2      | Reached skill level 4 in Axes
  1611 | D:2      | 1611 ||| Stepping ~*~*~tactically~*~*~ (stealth).
  1945 | D:2      | 1945 ||| UPGRADING to +0 chain mail.
  1955 | D:2      | 1955 ||| DROPPING +0 scale mail.
  1956 | D:2      | 1956 ||| UPGRADING to ring of see invisible.
  1957 | D:2      | 1957 ||| READING scroll labelled SYUKLYZYCI.
  1958 | D:2      | 1958 ||| READING 3 scrolls labelled VICAN VUMU.
  1963 | D:2      | 1963 ||| READING scroll labelled BIYMER XIAR.
  1964 | D:2      | 1964 ||| READING scroll labelled MISEIBAYTI.
  2053 | D:2      | 2053 ||| READING 2 scrolls labelled RENIHIROIM.
  2054 | D:2      | 2054 ||| DROPPING scroll of fear.
  2171 | D:3      | Reached XP level 4. HP: 26/26 MP: 8/8
  2330 | D:3      | 2330 ||| Stepping ~*~*~tactically~*~*~ (stealth).
  2361 | D:3      | Identified the +6 sling "Tengu's Bane" {flame, rElec Will+}
  2381 | D:3      | 2381 ||| FLEEEEING.
  2382 | D:3      | 2382 ||| FLEEEEING.
  2383 | D:3      | 2383 ||| FLEEEEING.
  2394 | D:3      | 2394 ||| Stepping ~*~*~tactically~*~*~ (hiding).
  2800 | D:3      | Reached skill level 5 in Axes
  2854 | D:3      | 2854 ||| DROPPING +0 whip.
  3050 | D:3      | 3050 ||| READING scroll labelled FORROI MIPRAHOE.
  3051 | D:3      | 3051 ||| READING 2 scrolls of identify.
  3051 | D:3      | 3051 ||| IDENTIFYING cyan potion
  3062 | D:4      | Noticed a scorpion
  3067 | D:4      | Killed a scorpion
  3068 | D:4      | Gained mutation: Your magical nature lets you fly swiftly
                  | and evasively. [Tengu growth]
  3068 | D:4      | Reached XP level 5. HP: 15/30 MP: 5/9
  3068 | D:4      | HP: 7/30 [gnoll bouda/+0 whip (6)]
  3069 | D:4      | 3069 ||| READING 2 scrolls of teleportation.
  3071 | D:4      | HP: 3/30 [poisoned by a scorpion]
  3072 | D:4      | Reached skill level 6 in Axes
  3072 | D:4      | Slain by a gnoll

Levels and vault maps discovered:
D:1:      wander_arrival_estate, layout_loops_ring,
          shapermc_ecumenical_altar_petra
D:2:      layout_basic, serial_shops, nicolae_shop_stone, serial_bayou_pond_d
D:3:      layout_basic, grunt_decor_fettered, hex_intersection
D:4:      layout_basic

Skill      XL: |  1  2  3  4  5 |
---------------+----------------+-----
Axes           | 3 4 5 6 |  6.1
Fighting       | |  2.0
Throwing       | |  1.0
Armour         | |  1.1
Dodging        | |  2.1
Spellcasting   | |  2.0
Translocations | |  2.4

Action                   |  1- 3 |  4- 6 || total
-------------------------+-------+-------++-------
Melee: Hand axe          |    78 |    49 ||   127
       Kick              |    22 |    16 ||    38
       Peck              |    12 |     9 ||    21
Throw: Boomerang         |     7 |       ||     7
  Use: Scroll            |     8 |     3 ||    11
Armor: Leather armour    |    19 |       ||    19
       Scale mail        |    13 |       ||    13
       Chain mail        |     5 |    25 ||    30
Dodge: Dodged            |    37 |     5 ||    42

Table legend:
 A = Non-vault XP
 B = Vault XP
 C = Vault XP percentage of total XP
 D = Non-vault monster count
 E = Vault monster count
 F = Vault count percentage of total count
                 A         B        C        D         E       F
            +---------+---------+-------+---------+---------+-------
      Total |     247 |       0 |   0.0 |      52 |       0 |   0.0
            +---------+---------+-------+---------+---------+-------
        D:1 |      23 |       0 |   0.0 |      13 |       0 |   0.0
        D:2 |      54 |       0 |   0.0 |      14 |       0 |   0.0
        D:3 |      47 |       0 |   0.0 |      23 |       0 |   0.0
        D:4 |     123 |       0 |   0.0 |       2 |       0 |   0.0
            +---------+---------+-------+---------+---------+-------
